 Dungeon Crawl Stone Soup version 0.31-a0-845-g9abc20d24f (webtiles) character file.

Game seed: 14039015906561846383

1921 Flugkiller the Thaumaturge (level 9, 0/97 HPs)
             Began as a Gnoll Hedge Wizard on Oct 2, 2023.
             Was a Believer of Okawaru.
             Slain by an orc warrior
             ... wielding a +0 war axe
              (12 damage)
             ... in a bailey.
             The game lasted 00:09:22 (6702 turns).

Flugkiller the Thaumaturge (Gnoll Hedge Wizard)     Turns: 6702, Time: 00:09:23

Health: 0/97       AC: 24    Str: 14    XL:     9   Next: 17%
Magic:  19/21      EV:  2    Int: 14    God:    Okawaru [**....]
Gold:   342        SH:  0    Dex: 11    Spells: 20/24 levels left

rFire   . . .        y - +2 hand axe (venom)
rCold   . . .        (no shield)
rNeg    . . .        C - melded +0 ring mail
rPois   +            c - melded +0 hat
rElec   .            (cloak currently unavailable)
rCorr   .            (gloves currently unavailable)
SInv    +            A - melded +2 pair of boots
Will    .....        (no amulet)
Stlth   ++++         i - ring of see invisible
HPRegen 0.36/turn    (no ring)
MPRegen 0.17/turn

%: no passive effects
@: tree-form, heroic, studying Ranged Weapons
A: stationary, stasis, torment immunity, boosted hp, (fangs 1), strong nose,
distributed training, (talons 1), (cold resistance 1), deterioration 1
a: Renounce Religion, Heroism


You were in a bailey.
You worshipped Okawaru.
Okawaru was pleased with you.
You were a tree.
You visited 2 branches of the dungeon, and saw 8 of its levels.
You also visited: Bailey.

You collected 342 gold pieces.

Inventory:

Hand Weapons
 a - a +0 dagger
 l - a +2 long sword of distortion
   (You found it on level 4 of the Dungeon)
 n - a +2 falchion of flaming
   (You found it on level 2 of the Dungeon)
 y - a +2 hand axe of venom (weapon)
   (You took it off an orc on level 3 of the Dungeon)
 B - a +0 broad axe
   (You took it off a goblin on level 4 of the Dungeon)
 D - a +1 dagger of freezing
   (You took it off a kobold on level 3 of the Dungeon)
Armour
 c - a +0 hat (melded)
 A - a +2 pair of boots (melded)
   (You found it on level 4 of the Dungeon)
 C - a +0 ring mail (melded)
   (You took it off a goblin on level 4 of the Dungeon)
Jewellery
 i - a ring of see invisible (left branch)
   (You found it on level 4 of the Dungeon)
Scrolls
 e - a scroll of brand weapon
 h - a scroll of enchant weapon {unknown}
 j - a scroll of noise {unknown}
 k - a scroll of immolation {unknown}
 p - a scroll of vulnerability {unknown}
 q - a scroll of poison {unknown}
 t - a scroll of teleportation
 u - a scroll of fear {unknown}
 w - a scroll of revelation {unknown}
 z - a scroll of silence {unknown}
Potions
 b - a potion of berserk rage {unknown}
 d - 2 potions of might
 f - 2 potions of mutation
 m - 3 potions of magic
 o - 2 potions of ambrosia
 s - a potion of resistance {unknown}
 v - 3 potions of enlightenment


   Skills:
 + Level 4.0(9.0) Fighting
 + Level 4.0(9.0) Short Blades
 + Level 4.0(9.0) Long Blades
 + Level 4.0(9.0) Axes
 + Level 4.0(9.0) Maces & Flails
 + Level 4.0(9.0) Polearms
 + Level 4.0(9.0) Staves
 + Level 4.7(9.7) Ranged Weapons
 + Level 4.0(9.0) Throwing
 + Level 4.0(9.0) Armour
 + Level 6.2(11.2) Dodging
 + Level 5.9(10.9) Stealth
 + Level 4.0(9.0) Shields
 + Level 4.0(9.0) Unarmed Combat
 + Level 8.3 Spellcasting
 + Level 4.0 Conjurations
 + Level 3.3 Hexes
 + Level 4.0 Summonings
 + Level 3.3 Necromancy
 + Level 4.0 Translocations
 + Level 3.3 Transmutations
 + Level 3.3 Fire Magic
 + Level 3.3 Ice Magic
 + Level 3.3 Air Magic
 + Level 3.3 Earth Magic
 + Level 3.3 Poison Magic
 + Level 4.4 Invocations
 + Level 4.0 Evocations
 + Level 3.6 Shapeshifting


You had 20 spell levels left.
You knew the following spells:

 Your Spells              Type           Power      Damage    Failure   Level
a - Magic Dart            Conj           68%        1d6       2%          1
c - Mephitic Cloud        Conj/Pois/Air  15%        N/A       9%          3

Your spell library contained the following spells:

 Spells                   Type           Power      Damage    Failure   Level
 Shock                    Conj/Air       64%        1d7       2%          1
 Slow                     Hex            60%        N/A       3%          1
 Blink                    Tloc           34%        N/A       3%          2
 Cigotuvi's Dreadful Rot  Necr/Pois/Air  30%        N/A       4%          2
 Ensorcelled Hibernation  Hex/Ice        30%        N/A       4%          2
 Jinxbite                 Hex            30%        N/A       4%          2
 Ignite Poison            Fire/Tmut/Pois 15%        N/A       10%         3
 Swiftness                Air            15%        N/A       10%         3
 Sticky Flame             Conj/Fire      16%        2d4       26%         4
 Airstrike                Air            7%         2d(2-18)  30%         4
 Anguish                  Hex/Necr       7%         N/A       30%         4
 Ignition                 Fire           7%         3d5       100%        8
 Call Imp                 Summ           Unusable   N/A       N/A         2

Dungeon Overview and Level Annotations

Branches:
Dungeon (7/15) Zot: 26919  Temple (1/1) D:4 Zot: 5963  Bailey (1/1) Zot: 5813

Altars:
Ashenzari
Cheibriados
Dithmenos
Elyvilon
Fedhas
Gozag
Hepliaklqana
Kikubaaqudgha
Makhleb
Nemelex Xobeh
Okawaru
Qazlal
Ru
Sif Muna
Trog
Uskayaw
Vehumet
Wu Jian
Yredelemnul
Zin
The Shining One


Innate Abilities, Weirdness & Mutations

You are a tree.
Your roots penetrate the ground, keeping you stationary.
You cannot be teleported.
You are immune to unholy pain and torment.
Your maximum health is greatly increased.
Your equipment is partially melded.
((You have very sharp teeth.))
Your uncanny sense of smell can sniff out nearby items.
Your experience applies equally to all skills.
((You have sharp toenails.))
((Your flesh is cold resistant. (rC+)))
Your body sometimes deteriorates upon taking damage.


Message History

The kobold shouts!
The kobold hits you but does no damage.
You hit the kobold.
The kobold is poisoned.
The kobold is severely wounded.
The kobold throws a boomerang.
The boomerang misses you. The kobold hits you.
* * * LOW HITPOINT WARNING * * *
The kobold closely misses you.
You see here 4 boomerangs.
You hit the kobold but do no damage.
The kobold looks as sick as possible!
The kobold is severely wounded.
You closely miss the kobold.
You kill the kobold!
Okawaru accepts your kill. The kobold hits you but does no damage.
You closely miss the kobold. The kobold closely misses you.
You hit the kobold.
The kobold is poisoned.
The kobold is moderately wounded.
The kobold barely misses you.
You hit the kobold.
You kill the kobold!
Okawaru accepts your kill.
You see here a boomerang.
You see here 4 boomerangs.
You start resting.
A kobold comes into view.
A kobold is nearby!
The kobold shouts!
The kobold throws a boomerang.
The boomerang closely misses you.
You see here 4 boomerangs.
The kobold throws a boomerang.
The boomerang hits you but does no damage.
You are too injured to fight recklessly!
The kobold hits you but does no damage.
You are too injured to fight recklessly!
You hit the kobold.
The kobold is heavily wounded.
The kobold hits you.
You are too injured to fight recklessly!
You barely miss the kobold.
The kobold is heavily wounded.
You hear a shout!
The kobold barely misses you.
You slash the kobold!
You kill the kobold!
Okawaru accepts your kill.
An orc warrior comes into view. It is wielding a +0 war axe.
The orc warrior shouts!
You hear a shout!
The orc closely misses you.
You hear a shout!
You see here 2 boomerangs.
The orc warrior attacks as it pursues you!
The orc warrior hits you with a +0 war axe.
The orc barely misses you.
You turn into a tree.
Your +0 hat melds into your body.
Your +2 pair of boots melds into your body.
Your +0 ring mail melds into your body.
Your roots penetrate the ground.
The orc hits you but does no damage.
Unknown command.
You closely miss the orc warrior. You closely miss the orc.
The orc warrior hits you but does no damage.
The orc hits you with a +0 hand axe.
The orc warrior hits you with a +0 war axe!
You closely miss the orc warrior. You barely miss the orc.
The orc hits you but does no damage. The orc warrior completely misses you.
You closely miss the orc warrior. Your punch misses the orc warrior.
You hit the orc but do no damage.
The orc is poisoned.
The orc hits you but does no damage.
The orc warrior hits you but does no damage.
You barely miss the orc warrior.
You punch the orc warrior, but do no damage.
You hit the orc.
The orc looks as sick as possible!
The orc hits you but does no damage.
The orc warrior hits you with a +0 war axe!
* * * LOW HITPOINT WARNING * * *
You hit the orc warrior but do no damage.
The orc warrior is poisoned.
You punch the orc warrior, but do no damage.
You closely miss the orc.
You kill the orc!
Okawaru accepts your kill.
The orc warrior hits you but does no damage.
You hit the orc warrior but do no damage.
The orc warrior is lightly wounded.
The orc warrior barely misses you.
You closely miss the orc warrior.
The orc warrior is lightly wounded.
The orc warrior hits you but does no damage.
You hit the orc warrior.
The orc warrior looks as sick as possible!
The orc warrior is moderately wounded.
The orc warrior hits you with a +0 war axe!
* * * LOW HITPOINT WARNING * * *
You gain the combat prowess of a mighty hero.
The orc warrior hits you with a +0 war axe.
* * * LOW HITPOINT WARNING * * *
You closely miss the orc warrior.
The orc warrior is heavily wounded.
The orc warrior hits you with a +0 war axe!
You die...

≈≈≈#########≈≈≈≈~()....##
≈≈≈K#...!og.#K≈≈≈≈≈≈~....##
≈##
#.......####..≈~≈≈≈≈≈≈≈#
####+####..#.....~≈≈≈≈≈≈
....###......#### ###..
∆#.(...### #..###(......#
#.g#..(.⌠.....#
##'#♣........##
#.go).......##
.............####
.#############


You could see an orc warrior (very poisoned) and a goblin.

Vanquished Creatures
  A komodo dragon (D:5)
  Menkaure (D:4)
  2 orc warriors (Bailey)
  A sky beast (D:4)
  2 black bears
  A phantom (D:4)
  Blork the orc (D:4)
  A bullfrog (D:6)
  2 scorpions
  A wight (D:6)
  4 hounds
  2 orc priests (D:3)
  2 sleepcaps
  A jelly (D:6)
  Jessica (D:3)
  5 iguanas
  An orc wizard (D:6)
  A gnoll (D:2)
  10 adders
  2 worms
  2 dart slugs
  8 orcs
  3 endoplasms
  8 giant cockroaches
  10 goblins
  7 hobgoblins
  6 jackals
  5 quokkas
  4 ball pythons
  7 bats
  8 frilled lizards
  14 kobolds
  7 rats
131 creatures vanquished.

Vanquished Creatures (collateral kills)
  3 gnolls (D:2)
  An adder (D:2)
  2 jackals (D:3)
6 creatures vanquished.

Vanquished Creatures (others)
  An endoplasm (D:3)
1 creature vanquished.

Grand Total: 138 creatures vanquished

Notes
Turn   | Place    | Note
-------+----------+-------------------------------------------
     0 | D:1      | Flugkiller the Gnoll Hedge Wizard began the quest for the
                  | Orb.
     0 | D:1      | Reached XP level 1. HP: 13/13 MP: 8/8
   108 | D:1      | Found a faded altar of an unknown god.
   187 | D:1      | Reached XP level 2. HP: 19/19 MP: 3/10
  1088 | D:2      | Reached XP level 3. HP: 21/25 MP: 4/11
  1143 | D:1      | Learned a level 2 spell: Call Imp
  1303 | D:2      | Reached skill level 1 in Invocations
  1554 | D:2      | Reached skill level 1 in Fighting
  1554 | D:2      | Reached skill level 1 in Short Blades
  1554 | D:2      | Reached skill level 1 in Long Blades
  1554 | D:2      | Reached skill level 1 in Axes
  1554 | D:2      | Reached skill level 1 in Maces & Flails
  1554 | D:2      | Reached skill level 1 in Polearms
  1554 | D:2      | Reached skill level 1 in Staves
  1554 | D:2      | Reached skill level 1 in Ranged Weapons
  1554 | D:2      | Reached skill level 1 in Throwing
  1554 | D:2      | Reached skill level 1 in Armour
  1554 | D:2      | Reached skill level 1 in Shields
  1554 | D:2      | Reached skill level 1 in Unarmed Combat
  1554 | D:2      | Reached skill level 1 in Evocations
  1571 | D:2      | Reached XP level 4. HP: 24/32 MP: 1/13
  1599 | D:2      | Reached skill level 1 in Shapeshifting
  1966 | D:2      | Reached skill level 1 in Hexes
  1966 | D:2      | Reached skill level 1 in Necromancy
  1966 | D:2      | Reached skill level 1 in Transmutations
  1966 | D:2      | Reached skill level 1 in Fire Magic
  1966 | D:2      | Reached skill level 1 in Ice Magic
  1966 | D:2      | Reached skill level 1 in Air Magic
  1966 | D:2      | Reached skill level 1 in Earth Magic
  1966 | D:2      | Reached skill level 1 in Poison Magic
  2355 | D:3      | Noticed Jessica
  2377 | D:3      | Killed Jessica
  2378 | D:3      | Reached XP level 5. HP: 37/37 MP: 12/14
  2397 | D:3      | Learned a level 3 spell: Mephitic Cloud
  2609 | D:3      | Found a radiant altar of Vehumet.
  2974 | D:3      | Found a snail-covered altar of Cheibriados.
  3101 | D:3      | Reached XP level 6. HP: 31/44 MP: 14/16
  3211 | D:4      | Noticed Menkaure
  3211 | D:4      | Noticed a sky beast
  3317 | D:4      | Noticed Blork the orc
  3329 | D:4      | Killed Blork the orc
  3330 | D:4      | Reached skill level 5 in Dodging
  3678 | D:4      | Found a staircase to the Ecumenical Temple.
  3695 | Temple   | Entered the Ecumenical Temple
  3714 | Temple   | Became a worshipper of Warmaster Okawaru
  3797 | D:4      | Killed a sky beast
  3798 | D:4      | Reached XP level 7. HP: 41/51 MP: 18/18
  3955 | D:4      | Found a white marble altar of Elyvilon.
  4238 | D:4      | Killed Menkaure
  4386 | D:5      | Entered Level 5 of the Dungeon
  4408 | D:5      | Noticed a two-headed ogre
  4427 | D:5      | Reached skill level 5 in Stealth
  4683 | D:4      | Reached * piety under Okawaru
  4874 | D:5      | Noticed a komodo dragon
  4877 | D:5      | Found a sparkling altar of Nemelex Xobeh.
  4919 | D:5      | Gained mutation: Your body sometimes deteriorates upon
                  | taking damage. [potion of mutation]
  4919 | D:5      | Gained mutation: Your flesh is cold resistant. (rC+)
                  | [potion of mutation]
  4919 | D:5      | Gained mutation: You have sharp toenails. [potion of
                  | mutation]
  4928 | D:5      | Killed a komodo dragon
  4929 | D:5      | Reached XP level 8. HP: 58/58 MP: 7/19
  5473 | D:6      | Reached skill level 8 in Spellcasting
  5772 | D:6      | Reached ** piety under Okawaru
  5973 | D:6      | Found a sacrificial altar of Ru.
  6462 | D:7      | Reached XP level 9. HP: 57/65 MP: 21/21
  6492 | D:7      | Found a shimmering blue altar of Sif Muna.
  6509 | D:7      | Found a flagged portal.
  6518 | Bailey   | Entered a bailey
  6570 | Bailey   | HP: 4/97 [orc warrior/+0 battleaxe (14)]
  6571 | Bailey   | HP: 1/97 [orc warrior/+0 battleaxe (9)]
  6702 | Bailey   | Slain by an orc warrior

Illustrated notes

Levels and vault maps discovered:
D:1:      dpeg_arrival_court, layout_basic,
          hellmonk_ecumenical_altar_pennies_from_heaven, hangedman_decor_points
D:2:      layout_basic
D:3:      layout_loops_ring, fiery_altar_vehumet, mainiacjoe_overflow_alcove_4,
          uniq_jessica
D:4:      layout_loops_ring, mainiacjoe_overflow_tiny_flanked,
          minmay_temple_entry_nine_rooms, uniq_blork_the_orc, uniq_menkaure
D:5:      layout_rooms, nemelex_altar_shiori, minmay_manual_mess
D:6:      layout_cave_pods, nicolae_ru_great_annihilating_truth,
          grunt_decor_arrowhead, minmay_diced_spiral
D:7:      layout_cave_pods, mainiacjoe_overflow_brackets, enter_bailey_8,
          nicolae_ossuary_entry_ruins, small_statue_intersection,
          amethyst_killhole, kennysheep_generic_room_14
Temple:   regret_index_temple_generic_petals
Bailey:   bailey_axe_4, bailey

Skill      XL: |  1  2  3  4  5  6  7  8  9 |
---------------+----------------------------+-----
Conjurations   | 2 3 4 |  4.0
Summonings     | 2 3 4 |  4.0
Translocations | 2 3 4 |  4.0
Invocations    | 1 2 3 4 |  4.4
Fighting       | 1 2 3 4 |  4.0
Short Blades   | 1 2 3 4 |  4.0
Long Blades    | 1 2 3 4 |  4.0
Axes           | 1 2 3 4 |  4.0
Maces & Flails | 1 2 3 4 |  4.0
Polearms       | 1 2 3 4 |  4.0
Staves         | 1 2 3 4 |  4.0
Ranged Weapons | 1 2 3 4 |  4.7
Throwing       | 1 2 3 4 |  4.0
Armour         | 1 2 3 4 |  4.0
Shields        | 1 2 3 4 |  4.0
Unarmed Combat | 1 2 3 4 |  4.0
Evocations     | 1 2 3 4 |  4.0
Shapeshifting  | 1 2 3 |  3.6
Hexes          | 1 2 3 |  3.3
Necromancy     | 1 2 3 |  3.3
Transmutations | 1 2 3 |  3.3
Fire Magic     | 1 2 3 |  3.3
Ice Magic      | 1 2 3 |  3.3
Air Magic      | 1 2 3 |  3.3
Earth Magic    | 1 2 3 |  3.3
Poison Magic   | 1 2 3 |  3.3
Dodging        | 5 6 |  6.2
Stealth        | 5 |  5.9
Spellcasting   | 8 |  8.3

Action                     |  1- 3 |  4- 6 |  7- 9 || total
---------------------------+-------+-------+-------++-------
  Melee: Dagger            |     9 |       |       ||     9
         Falchion          |    19 |    44 |       ||    63
         Bite              |     2 |     6 |    37 ||    45
         Hand axe          |       |    48 |   235 ||   283
         Punch             |       |     3 |     9 ||    12
         Unarmed           |       |       |     1 ||     1
   Cast: Magic Dart        |    79 |    53 |    40 ||   172
         Call Imp          |     3 |    12 |       ||    15
         Mephitic Cloud    |       |       |     2 ||     2
 Invoke: Heroism           |       |       |     4 ||     4
    Use: Scroll            |       |     5 |     3 ||     8
         Potion            |       |     1 |     8 ||     9
   Stab: Sleeping          |       |     4 |     5 ||     9
         Distracted        |       |     1 |       ||     1
         Invisible         |       |       |     1 ||     1
         Paralysed         |       |       |     1 ||     1
 Armour: Robe              |    18 |     7 |       ||    25
         Leather armour    |       |    59 |    16 ||    75
         Ring mail         |       |       |   137 ||   137
         Skin              |       |       |    43 ||    43
  Dodge: Dodged            |    41 |    77 |   161 ||   279

Table legend: (Time is in decaauts)
 A = Elapsed time spent in this place.
 B = Non-inter-level travel time spent in this place.
 C = Inter-level travel time spent in this place.
 D = Time resting spent in this place.
 E = Time spent auto-exploring this place.
 F = Levels seen in this place.
 G = Mean time per level.
                   A        B        C        D        E       F      G
               +--------+--------+--------+--------+--------+-----+--------+
         Total |   6757 |   6287 |    470 |   1173 |   3471 |   9 |  750.8 |
       Dungeon |   6534 |   6098 |    436 |   1133 |   3471 |   7 |  933.4 |
        Temple |     36 |      2 |     34 |      0 |      0 |   1 |   36.0 |
        Bailey |    185 |    185 |      0 |     40 |      0 |   1 |  185.0 |
               +--------+--------+--------+--------+--------+-----+--------+

Top non-repeatable levels by time:
     D:2: 1214 daAuts
     D:4: 1197 daAuts
     D:6: 1139 daAuts
     D:1: 1132 daAuts
     D:3: 1045 daAuts
     D:5: 726 daAuts
  Bailey: 185 daAuts
     D:7: 80 daAuts
  Temple: 36 daAuts
